 Dungeon Crawl Stone Soup version 0.27-a0-1245-g940ed4fa31 (webtiles) character file.

Game seed: 13869295632611377563

9199 robertstho the Archer (level 11, -11/99 HPs)
             Began as a Minotaur Hunter on June 9, 2021.
             Was a High Priest of Okawaru.
             Mangled by a two-headed ogre
             ... wielding a +2 vorpal great mace
              (17 damage)
             ... on level 10 of the Dungeon.
             The game lasted 00:21:08 (11253 turns).

robertstho the Archer (Minotaur Hunter)            Turns: 11253, Time: 00:21:09

Health: -11/99     AC: 16    Str: 17    XL:     11   Next: 19%
Magic:  14/14      EV: 12    Int:  8    God:    Okawaru [*****.]
Gold:   543        SH:  0    Dex: 14    Spells: 10/10 levels left

rFire    . . .     SeeInvis .   a - +1 shortbow
rCold    . . .     Faith    .   (shield currently unavailable)
rNeg     . . .     Spirit   .   p - +0 chain mail
rPois    +         Reflect  .   z - +1 hat
rElec    .         Harm     .   c - +1 cloak of Starlight {*Dazzle EV+4 Stlth--}
rCorr    .         Rampage  .   m - +1 pair of gloves
Will     .....                  b - +0 pair of boots
Stlth    ..........             (no amulet)
HPRegen  0.26/turn              B - ring of poison resistance
MPRegen  0.14/turn              (no ring)

@: no status effects
A: horns 2, retaliatory headbutt
a: Renounce Religion, Heroism, Finesse


You were on level 10 of the Dungeon.
You worshipped Okawaru.
Okawaru was extremely pleased with you.
You visited 2 branches of the dungeon, and saw 12 of its levels.
You also visited: Ossuary.

You collected 694 gold pieces.
You spent 151 gold pieces at shops.

Inventory:

Hand Weapons
 a - a +1 shortbow (weapon)
 h - a +1 whip of flaming
 u - a +0 long sword of protection
Missiles
 o - 10 arrows (quivered ammo)
Armour
 b - a +0 pair of boots (worn)
 c - the +1 cloak of Starlight (worn) {*Dazzle EV+4 Stlth--}
   (You acquired it on level 5 of the Dungeon)

   It affects your evasion (+4).
   It makes you much less stealthy.
 m - a +1 pair of gloves (worn)
 p - a +0 chain mail (worn)
 y - a +0 ring mail of fire resistance
 z - a +1 hat (worn)
Jewellery
 B - a ring of poison resistance (left hand)
Wands
 d - a wand of digging (11)
 w - a wand of mindburst (13)
 A - a wand of charming (12)
 D - a wand of flame (27)
Scrolls
 k - 3 scrolls of enchant armour
 q - 2 scrolls of teleportation
 t - 3 scrolls of enchant weapon
 x - 3 scrolls of magic mapping
 E - a scroll of fog {unknown}
Potions
 e - 4 potions of flight
 f - a potion of magic
 g - a potion of lignification {unknown}
 i - 2 potions of berserk rage {unknown}
 j - a potion of might {unknown}
 l - 3 potions of ambrosia
 n - a potion of cancellation {unknown}
 r - 2 potions of mutation {unknown}
 s - a potion of resistance {unknown}
 v - a potion of brilliance
 C - a potion of attraction {unknown}


   Skills:
 * Level 9.9 Fighting
 + Level 6.7 Long Blades
 + Level 0.6 Maces & Flails
 * Level 13.5 Bows
 + Level 5.9 Armour
 + Level 3.0 Dodging
 - Level 0.7 Stealth
 + Level 0.5 Unarmed Combat
 * Level 5.6 Invocations


You had 10 spell levels left.
You didn't know any spells.
Your spell library contained the following spells:

 Spells                   Type           Power      Damage    Failure   Level
 Animate Skeleton         Necr           0%         N/A       99%         1
 Apportation              Tloc           0%         N/A       99%         1
 Corona                   Hex            0%         N/A       99%         1
 Summon Small Mammal      Summ           0%         N/A       99%         1
 Slow                     Hex            0%         N/A       100%        2
 Inner Flame              Hex/Fire       0%         N/A       100%        3
 Portal Projectile        Hex/Tloc       0%         N/A       100%        3
 Cause Fear               Hex            0%         N/A       100%        4
 Leda's Liquefaction      Hex/Erth       0%         N/A       100%        4


Dungeon Overview and Level Annotations

Branches:
Dungeon (11/15)            Temple (1/1) D:4            Lair (0/6) D:8
Ossuary (visited)
    Orc: D:9-12

Altars:
Cheibriados
Dithmenos
Elyvilon
Fedhas
Gozag
Hepliaklqana
Kikubaaqudgha
Makhleb
Okawaru
Qazlal
Ru
Sif Muna
Vehumet
Wu Jian
Xom
Zin

Shops:
D:6 *

Annotations:
D:2 1 runed translucent door, Crazy Yiuf
D:5 2 transporters, mordus's ghost, novice DrFE
D:7 1 runed translucent door, Atlas's ghost, novice TrMo


Innate Abilities, Weirdness & Mutations

You have a pair of horns on your head.
You reflexively headbutt those who attack you in melee.


Message History

The two-headed ogre hits you with a +2 vorpal great mace.
The two-headed ogre hits you with a +0 giant spiked club!
The kobold brigand throws a poisoned dart.
The poisoned dart barely misses you.
You shoot an arrow.
The arrow completely misses the two-headed ogre.
You shoot an arrow.
The arrow closely misses the two-headed ogre.
The two-headed ogre hits you with a +2 vorpal great mace!!
The two-headed ogre closely misses you.
You are too injured to fight recklessly!
You are too injured to fight recklessly!
You are too injured to fight recklessly!
You are too injured to fight recklessly!
Fire: 13 arrows
Press: ? - help, Q - select action, (/) - cycle Shift-Dir - straight line, f/p - two-headed ogre
Aim: a two-headed ogre, wielding a +2 vorpal great mace and a +0 giant spiked club (severely wounded, 81% to hit)
You shoot an arrow.
The arrow hits the two-headed ogre but does no damage.
The two-headed ogre is severely wounded.
Fire: 12 arrows
Press: ? - help, Q - select action, (/) - cycle Shift-Dir - straight line, f/p - two-headed ogre
Aim: a two-headed ogre, wielding a +2 vorpal great mace and a +0 giant spiked club (severely wounded, 80% to hit)
You shoot an arrow. The arrow hits the two-headed ogre.
The two-headed ogre is severely wounded.
The two-headed ogre hits you with a +2 vorpal great mace!
* * * LOW HITPOINT WARNING * * *
x2 The two-headed ogre hits you with a +0 giant spiked club!
* * * LOW HITPOINT WARNING * * *
Fire: 11 arrows
Press: ? - help, Q - select action, (/) - cycle Shift-Dir - straight line, f/p - two-headed ogre
Aim: a two-headed ogre, wielding a +2 vorpal great mace and a +0 giant spiked club (severely wounded, 80% to hit)
You shoot an arrow. The arrow hits the two-headed ogre.
The two-headed ogre is almost dead.
A kobold comes into view. It is wielding a +0 dagger of flaming.
As you read the scroll labelled KENANU DYKHOCW, it crumbles to dust.
Wisps of shadow whirl around you...
It was a scroll of summoning.
The kobold shouts!
The two-headed ogre hits you with a +2 vorpal great mace!
You die...

.#.......#.#.#
.#.##.##.#.#.#
.#.#...#.#.#.# ###
....._.......# .(..
.#.#...#.#.#.# #.8..
.#.##.##.#.#.######(....
.#...... #.#.....x(....K
.####.####.#.....O..(...
.. ..#....@K((.... #####
###.....Z...... .....
#.....Z...8.. .....
#............ .....
#.....?.....# .....
#...........# .....
#...(.......# .....
#...........# .....#


You could see a two-headed ogre (ally target), a kobold brigand (ally target), a
kobold, a friendly unseen horror (summoned, invisible) and 2 friendly centaur
warrior zombies.

Vanquished Creatures
  Erica (D:9)
  Pikel (D:5)
  An ugly thing (D:10)
  A cyclops (D:6)
  2 centaur zombies (D:10)
  Psyche (D:10)
  A komodo dragon (D:8)
  Sigmund (D:4)
  Grum (D:10)
  7 yaks (D:8)
  2 acid dragons (D:9)
  5 water moccasins
  Duvessa (D:4)
  An orc warrior (D:7)
  A hornet zombie (D:8)
  5 black bears
  2 sky beasts (D:5)
  2 ice beasts (D:8)
  A necrophage (D:5)
  3 wolves (D:10)
  2 centaurs
  A kobold brigand (D:7)
  A wyvern zombie (D:5)
  8 bullfrogs
  2 gnoll sergeants
  A scorpion (D:5)
  6 water moccasin zombies
  Dowan (D:4)
  4 killer bees (D:10)
  6 wights (D:9)
  4 howler monkeys
  2 hounds
  A bullfrog skeleton (D:5)
  5 orc priests
  A gnoll shaman (D:9)
  2 centaur skeletons
  Ijyb (D:4)
  Natasha (twice) (D:2)
  5 iguanas
  6 orc wizards
  A hound skeleton (D:5)
  2 mummies (Ossuary)
  8 adders
  13 gnolls
  A howler monkey skeleton (D:6)
  A shadow imp (D:6)
  2 white imps
  3 ufetubi
  7 adder zombies (Ossuary)
  4 dart slugs
  30 orcs
  6 bats
  4 endoplasms
  5 gnoll zombies (Ossuary)
  4 goblins
  2 hobgoblins
  A quokka (D:1)
  4 ball pythons
  3 frilled lizards
  A hobgoblin zombie (Ossuary)
  14 kobolds
  8 kobold zombies (Ossuary)
  3 orc zombies (Ossuary)
  2 rats
230 creatures vanquished.

Vanquished Creatures (others)
  A howler monkey (D:9)
  A quokka (D:11)
  29 fungi (D:8)
  29 plants
60 creatures vanquished.

Grand Total: 290 creatures vanquished

Notes
Turn   | Place    | Note
-------+----------+-------------------------------------------
     0 | D:1      | robertstho the Minotaur Hunter began the quest for the Orb.
     0 | D:1      | Reached XP level 1. HP: 18/18 MP: 0/0
    30 | D:1      | Found Oxaf Una's General Store.
   107 | D:1      | Reached XP level 2. HP: 25/25 MP: 1/1
   185 | D:1      | Reached skill level 5 in Bows
   840 | D:2      | Reached XP level 3. HP: 28/30 MP: 2/2
  1027 | D:2      | Noticed Natasha
  1032 | D:2      | Killed Natasha
  1033 | D:2      | Reached skill level 1 in Armour
  1033 | D:2      | Reached XP level 4. HP: 37/37 MP: 3/3
  1051 | D:2      | Found a radiant altar of Vehumet.
  1124 | D:2      | Noticed Natasha
  1130 | D:2      | Killed Natasha
  1131 | D:2      | Reached skill level 6 in Bows
  1288 | D:2      | Found a runed translucent door.
  1289 | D:2      | Noticed Crazy Yiuf
  2114 | D:4      | Reached XP level 5. HP: 27/45 MP: 4/4
  2183 | D:4      | Noticed a black bear
  2217 | D:4      | Killed a black bear
  2218 | D:4      | Reached skill level 7 in Bows
  2340 | D:4      | Found a staircase to the Ecumenical Temple.
  2353 | D:4      | Reached XP level 6. HP: 44/52 MP: 5/5
  2362 | Temple   | Entered the Ecumenical Temple
  2569 | Temple   | Became a worshipper of Warmaster Okawaru
  2721 | D:4      | Reached skill level 1 in Long Blades
  2731 | D:4      | Noticed Ijyb
  2770 | D:4      | Killed Ijyb
  2902 | D:4      | Noticed Sigmund
  2939 | D:4      | Killed Sigmund
  2940 | D:4      | Reached skill level 1 in Invocations
  3322 | D:4      | Noticed Duvessa
  3323 | D:4      | Noticed Dowan
  3352 | D:4      | Identified a scroll of acquirement
  3369 | D:5      | Entered Level 5 of the Dungeon
  3371 | D:5      | Acquired the +1 cloak of Starlight {*Dazzle EV+4 Stlth--}
  3372 | D:5      | Found the +1 cloak of Starlight {*Dazzle EV+4 Stlth--}
  3602 | D:5      | Found a transporter.
  3604 | D:5      | Found a transporter.
  3605 | D:5      | Noticed mordus's ghost (novice DrFE)
  3625 | D:5      | Reached XP level 7. HP: 59/59 MP: 6/6
  3961 | D:5      | Found a sand-covered staircase.
  3966 | Ossuary  | Entered an ossuary
  4288 | Ossuary  | Reached * piety under Okawaru
  4289 | Ossuary  | Reached skill level 8 in Bows
  4472 | Ossuary  | Reached skill level 5 in Fighting
  4472 | Ossuary  | Reached XP level 8. HP: 48/68 MP: 8/8
  4954 | D:5      | Found a shadowy altar of Dithmenos.
  4975 | D:5      | Reached skill level 5 in Long Blades
  5162 | D:5      | Noticed Pikel
  5179 | D:5      | Killed Pikel
  5179 | D:5      | Reached ** piety under Okawaru
  5189 | D:5      | Reached skill level 9 in Bows
  5226 | D:5      | Reached XP level 9. HP: 75/75 MP: 10/10
  5645 | D:4      | Killed Dowan
  5733 | D:4      | Found a faded altar of an unknown god.
  5737 | D:4      | Found a faded altar of an unknown god.
  5739 | D:4      | Found a hazy altar of Hepliaklqana.
  5819 | D:4      | Killed Duvessa
  5923 | D:4      | Found an opulent altar of Gozag.
  5979 | D:6      | Found Xoahi's General Store.
  6232 | D:6      | Found an ornate altar of the Wu Jian Council.
  6239 | D:6      | Reached skill level 5 in Armour
  6696 | D:6      | Bought 23 arrows for 55 gold pieces
  6696 | D:6      | Bought a potion of ambrosia for 96 gold pieces
  6743 | D:7      | Reached skill level 10 in Bows
  6849 | D:7      | Noticed a cyclops
  6878 | D:6      | Killed a cyclops
  6878 | D:6      | Reached *** piety under Okawaru
  7316 | D:7      | Found a runed translucent door.
  7962 | D:7      | Noticed Atlas's ghost (novice TrMo)
  8539 | D:8      | Reached skill level 11 in Bows
  8551 | D:8      | Reached XP level 10. HP: 88/88 MP: 12/12
  8595 | D:8      | Reached **** piety under Okawaru
  8638 | D:8      | Found a staircase to the Lair.
  8978 | D:8      | Received a gift from Okawaru
  9013 | D:8      | Reached skill level 12 in Bows
  9166 | D:8      | Received a gift from Okawaru
  9199 | D:8      | Found an ancient bone altar of Kikubaaqudgha.
  9245 | D:8      | Found a shimmering blue altar of Sif Muna.
  9609 | D:8      | Reached skill level 5 in Invocations
  9768 | D:8      | Found a burning altar of Makhleb.
  9768 | D:8      | Noticed an Executioner
 10480 | D:9      | Noticed Erica
 10506 | D:9      | Noticed a two-headed ogre
 10510 | D:9      | Killed Erica
 10510 | D:9      | Reached ***** piety under Okawaru
 10510 | D:9      | Received a gift from Okawaru
 10511 | D:9      | Reached skill level 13 in Bows
 10606 | D:9      | Reached XP level 11. HP: 33/97 MP: 14/14
 10638 | D:9      | You fall into a shaft and drop 2 floors!
 10904 | D:10     | Entered Level 10 of the Dungeon
 10904 | D:10     | Noticed Psyche
 10904 | D:10     | Noticed Grum
 10913 | D:10     | Noticed a purple ugly thing
 10922 | D:10     | Killed a purple ugly thing
 10922 | D:10     | Received a gift from Okawaru
 10957 | D:10     | Killed Grum
 11158 | D:10     | Found a sacrificial altar of Ru.
 11180 | D:10     | Killed Psyche
 11198 | D:10     | Received a gift from Okawaru
 11238 | D:10     | Noticed a two-headed ogre
 11253 | D:10     | Mangled by a two-headed ogre

Illustrated notes

Levels and vault maps discovered:
D:1:      evilmike_arrival_fibonacci_small, layout_basic, serial_shops,
          nicolae_shop_statue_plus
D:2:      layout_rooms, basic_altar, serial_rivers,
          chequers_serial_rivers_room_b, chequers_serial_rivers_micro_d,
          chequers_serial_rivers_micro_e, chequers_serial_rivers_large_a,
          chequers_serial_rivers_room_b, uniq_crazy_yiuf_cottage, uniq_natasha
D:3:      layout_rooms, serial_park_tiny_pond
D:4:      layout_basic, nicolae_hepliaklqana_ecumenical_no_more,
          nicolae_gozag_cash_rules_everything_around_me,
          minmay_temple_entry_hall, uniq_sigmund, uniq_ijyb, uniq_duvessa
D:5:      layout_basic, grunt_dithmenos_smoke_and_mirrors, enter_ossuary_5,
          gammafunk_ghost_mausoleum, uniq_pikel
D:6:      layout_rooms, lemuel_tele_altar, serial_shops, nicolae_shop_crystal,
          corexii_item_surrounded_by_moat, mumra_transporter_accident,
          hangedman_minor_gate_pass
D:7:      layout_layer_cave, gammafunk_ghost_grave
D:8:      layout_gridville, makhleb_altar_promises_db,
          overflow_temple_1_default, overflow_temple_1_default,
          due_lair_maze_entry_diamond, roderic_roman_lattice, roderic_lattice_a
D:9:      layout_basic, wad_floor_pattern_1, chequers_big_river, uniq_erica
D:10:     layout_long_grid, nicolae_ru_sacrificial_ziggurat,
          grunt_temple_overflow_cloverleaf, st_stairs_1,
          kennysheep_small_square, uniq_sonja, uniq_psyche, uniq_grum,
          uniq_joseph
D:11:     layout_roguey, erik_orc_4, serial_shops, shop_fountains,
          elyvilon_altar_4, uniq_snorg
Temple:   dpeg_chambers_temple

Skill      XL: |  1  2  3  4  5  6  7  8  9 10 11 |
---------------+----------------------------------+-----
Bows           | 5 6 7 8 9 11 13 | 13.5
Armour         | 1 2 3 4 5 |  5.9
Fighting       | 3 4 5 6 7 9 |  9.9
Long Blades    | 1 4 6 |  6.7
Invocations    | 1 2 3 4 5 |  5.6
Dodging        | 3 |  3.0
Maces & Flails | |  0.6
Stealth        | |  0.7
Unarmed Combat | |  0.5

Action                   |  1- 3 |  4- 6 |  7- 9 | 10-12 || total
-------------------------+-------+-------+-------+-------++-------
Melee: Long sword        |       |    77 |   223 |    13 ||   313
       Headbutt          |       |    17 |    53 |     3 ||    73
       Punch             |       |       |     1 |       ||     1
       Whip              |       |       |     9 |       ||     9
       Unarmed           |       |       |       |    11 ||    11
 Fire: Shortbow          |    64 |    78 |   237 |   420 ||   799
Invok: Heroism           |       |       |     3 |     7 ||    10
  Use: Potion            |       |     7 |       |     3 ||    10
       Scroll            |       |     6 |     6 |     5 ||    17
 Stab: Invisible         |       |       |     4 |     1 ||     5
       Confused          |       |       |       |     2 ||     2
Armor: Ring mail         |     6 |     3 |       |       ||     9
       Leather armour    |     2 |       |       |       ||     2
       Chain mail        |       |    77 |   171 |   108 ||   356
       Skin              |       |       |       |     3 ||     3
Dodge: Dodged            |    10 |    30 |   164 |   158 ||   362
       Rpst.: Long sword |       |     7 |    29 |     1 ||    37

Table legend: (Time is in decaauts)
 A = Elapsed time spent in this place.
 B = Non-inter-level travel time spent in this place.
 C = Inter-level travel time spent in this place.
 D = Time resting spent in this place.
 E = Time spent auto-exploring this place.
 F = Levels seen in this place.
 G = Mean time per level.
                   A        B        C        D        E       F      G
               +--------+--------+--------+--------+--------+-----+--------+
         Total |  11090 |  10627 |    463 |    769 |   7882 |  13 |  853.1 |
       Dungeon |  10104 |   9710 |    394 |    527 |   7383 |  11 |  918.5 |
        Temple |    234 |    165 |     69 |      0 |    164 |   1 |  234.0 |
       Ossuary |    751 |    751 |      0 |    242 |    335 |   1 |  751.0 |
               +--------+--------+--------+--------+--------+-----+--------+

Top non-repeatable levels by time:
     D:8: 1633 daAuts
     D:5: 1580 daAuts
     D:7: 1463 daAuts
     D:4: 1447 daAuts
     D:6: 991 daAuts
 Ossuary: 751 daAuts
     D:2: 748 daAuts
     D:1: 740 daAuts
     D:3: 503 daAuts
     D:9: 415 daAuts
    D:10: 315 daAuts
    D:11: 264 daAuts
  Temple: 234 daAuts
